 Dungeon Crawl Stone Soup version 0.27.1-3-gb3d3a73c9e (webtiles) character file.

Game seed: 11507761967674575354

22094 loralnil the Geomancer (level 12, -12/96 HPs)
             Began as a Red Draconian Earth Elementalist on Oct 7, 2021.
             Was an Elder of Sif Muna.
             Mangled by a red draconian (15 damage)
             ... in a volcano.
             The game lasted 00:33:02 (17650 turns).

loralnil the Geomancer (DrEE)                      Turns: 17650, Time: 00:33:03

Health: -12/96     AC:  9    Str: 11    XL:     12   Next: 60%
Magic:  3/24       EV: 14    Int: 21    God:    Sif Muna [****..]
Gold:   756        SH:  5    Dex: 11    Spells: 10/28 levels left

rFire    + + .     SeeInvis .   K - +3 great sword (freeze)
rCold    + . .     Faith    .   (shield currently unavailable)
rNeg     . . .     Spirit   .   (armour unavailable)
rPois    +         Reflect  +   y - +0 hat {Will+}
rElec    +         Harm     .   (no cloak)
rCorr    +         Rampage  .   t - +0 pair of gloves
Will     +....                  (no boots)
Stlth    ++........             J - amulet of reflection
HPRegen  0.26/turn              p - ring of wizardry
MPRegen  0.19/turn              M - ring of resist corrosion

@: resistant
A: breathe fire, AC +8, unfitting armour, fire resistance 1, cold-blooded
a: Breathe Fire, Renounce Religion, Channel Magic, Forget Spell, Divine Exegesis


You were in a volcano.
You worshipped Sif Muna.
Sif Muna was greatly pleased with you.
You visited 3 branches of the dungeon, and saw 14 of its levels.
You also visited: Ossuary and Volcano.

You collected 888 gold pieces.
You spent 132 gold pieces at shops.

Inventory:

Hand Weapons
 s - a +0 lajatang
 K - a +3 great sword of freezing (weapon)
 V - a +0 long sword of electrocution
Missiles
 b - 248 stones
Armour
 t - a +0 pair of gloves (worn)
 y - a +0 hat of willpower (worn)
 C - a +0 buckler
 U - a +0 cloak of willpower
Jewellery
 g - a ring of fire
 h - a ring of fire
 i - an amulet of regeneration
 p - a ring of wizardry (left hand)
 J - an amulet of reflection (around neck)
 L - a +4 ring of protection
 M - a ring of resist corrosion (right hand)
 S - a ring of wizardry
Wands
 m - a wand of flame (7)
 q - a wand of acid (7)
 x - a wand of paralysis (22)
 A - a wand of digging (8)
 G - a wand of polymorph (36)
 I - a wand of iceblast (6)
 T - a wand of charming (7)
Scrolls
 c - 2 scrolls of fear
 d - a scroll of enchant armour {unknown}
 j - 3 scrolls of amnesia
 n - 3 scrolls of fog
 r - a scroll of teleportation
 v - a scroll of silence {unknown}
 w - 4 scrolls of immolation
 B - a scroll of magic mapping
 N - a scroll of acquirement {unknown}
 O - a scroll of blinking {unknown}
 P - a scroll of enchant weapon {unknown}
 Q - a scroll of brand weapon {unknown}
 R - a scroll of holy word {unknown}
Potions
 a - 6 potions of brilliance
 e - a potion of magic
 f - 2 potions of might
 k - 4 potions of haste
 l - a potion of ambrosia
 o - 4 potions of mutation
 u - a potion of flight {unknown}
 z - 6 potions of curing
 D - a potion of invisibility {unknown}
 F - 3 potions of cancellation
 H - a potion of resistance
 W - a potion of attraction {unknown}


   Skills:
 - Level 6.0 Fighting
 - Level 8.0 Dodging
 - Level 2.0 Stealth
 + Level 8.9 Spellcasting
 + Level 10.0 Conjurations
 - Level 1.2 Transmutations
 - Level 6.0 Air Magic
 + Level 10.6 Earth Magic
 - Level 5.0 Poison Magic


You had 10 spell levels left.
You knew the following spells:

 Your Spells              Type           Power      Damage    Failure   Level
a - Sandblast             Erth           100%       2d20      1%          1
b - Passwall              Tmut/Erth      28%        N/A       1%          2
c - Stone Arrow           Conj/Erth      100%       3d13      1%          3
d - Petrify               Tmut/Erth      34%        N/A       2%          4
e - Mephitic Cloud        Conj/Pois/Air  38%        N/A       1%          3
f - Freezing Cloud        Conj/Ice/Air   15%        6-21      9%          5

Your spell library contained the following spells:

 Spells                   Type           Power      Damage    Failure   Level
 Magic Dart               Conj           100%       1d8       1%          1
 Corpse Rot               Necr/Air       N/A        N/A       1%          2
 Poisonous Vapours        Pois/Air       64%        N/A       1%          2
 Searing Ray              Conj           100%       3d7       1%          2
 Pain                     Necr           36%        1d5       3%          1
 Fulminant Prism          Conj/Hex       15%        3d11      3%          4
 Hailstorm                Conj/Ice       30%        3d8       3%          4
 Call Imp                 Summ           9%         N/A       4%          2
 Slow                     Hex            9%         N/A       4%          2
 Confusing Touch          Hex            9%         N/A       9%          3
 Ice Form                 Ice/Tmut       12%        N/A       22%         4
 Animate Dead             Necr           4%         N/A       28%         4
 Yara's Violent Unravell  Hex/Tmut       6%         3d5       50%         5
 Agony                    Necr           9%         N/A       58%         5
 Excruciating Wounds      Necr           4%         N/A       58%         5
 Simulacrum               Ice/Necr       4%         N/A       98%         6
 Haunt                    Necr/Summ      4%         N/A       100%        7
 Infestation              Necr           4%         N/A       100%        8


Dungeon Overview and Level Annotations

Branches:
Dungeon (12/15)            Temple (1/1) D:6            Lair (1/6) D:8
    Orc (0/2) D:10        Ossuary (visited)         Volcano (1/1)

Altars:
Ashenzari
Cheibriados
Dithmenos
Elyvilon
Fedhas
Gozag
Hepliaklqana
Kikubaaqudgha
Nemelex Xobeh
Okawaru
Qazlal
Ru
Sif Muna
Uskayaw
Vehumet
Wu Jian
Xom
Yredelemnul
Zin
The Shining One
Beogh
Lugonu

Shops:
D:3 :   D:5 [   D:12 ?

Annotations:
D:3 exclusion: statue


Innate Abilities, Weirdness & Mutations

You can breathe blasts of fire.
Your fiery red scales are hard. (AC +8)
You cannot fit into any form of body armour.
Your flesh is heat resistant. (rF+)
You are cold-blooded and may be slowed by cold attacks.


Message History

* * * LOW HITPOINT WARNING * * *
The red draconian burns you.
* * * LOW HITPOINT WARNING * * *
You feel protected. You block the red draconian's attack.
Okay, then.
The red draconian breathes fire at you. The searing blast hits you. You resist.
* * * LOW HITPOINT WARNING * * *
Casting: Sandblast (safe; 1% risk of failure)
Confirm with . or Enter, or press ? or * to list all spells.
You don't know that spell.
Casting: Sandblast (safe; 1% risk of failure)
Confirm with . or Enter, or press ? or * to list all spells.
You don't have enough magic to cast this spell.
Casting: Sandblast (safe; 1% risk of failure)
Confirm with . or Enter, or press ? or * to list all spells.
You don't have enough magic to cast this spell.
The red draconian barely misses you.
You barely miss the red draconian.
The red draconian is lightly wounded.
The red draconian closely misses you.
You closely miss the red draconian.
The red draconian is lightly wounded.
The red draconian breathes fire at you. The searing blast misses you.
The red draconian hits you but does no damage.
You closely miss the red draconian.
The red draconian is lightly wounded.
You block the red draconian's attack.
The red draconian hits you with a +2 scimitar of flaming!
* * * LOW HITPOINT WARNING * * *
You hit the red draconian but do no damage.
The red draconian is lightly wounded.
The red draconian hits you with a +2 scimitar of flaming!
* * * LOW HITPOINT WARNING * * *
The red draconian burns you.
* * * LOW HITPOINT WARNING * * *
The red draconian hits you with a +2 scimitar of flaming!
You die...

.......#.## ###
§.≈≈≈≈≈≈....#.##
.≈≈≈§≈§≈§≈.....#
≈≈≈≈≈§§≈≈§§....#
§≈≈§≈§§≈≈§..○.##
≈§≈§≈§§≈≈≈≈....#
§≈≈≈≈§§§.....###
§≈§.≈.§§.......#
§.....§§@....##..#
#######d##.###
#... ##.### ## #d#
##) ). [!§ ≈≈≈≈
≈≈§##


You could see a red draconian.

Vanquished Creatures
  A boulder beetle (D:10)
  A hydra (D:12)
  5 two-headed ogres
  Pikel (D:9)
  A deep elf pyromancer (D:12)
  2 ugly things (D:12)
  A manticore (D:12)
  A salamander (Volcano)
  3 cyclopes (D:12)
  Maurice (D:12)
  An unseen horror (D:10)
  A cane toad (Lair:1)
  Psyche (D:12)
  A kobold demonologist (D:12)
  2 trolls (D:9)
  A hornet (D:10)
  6 slime creatures (D:11)
  A vampire (D:9)
  11 yaks
  4 wraiths
  4 steam dragons (D:9)
  2 basilisks (D:12)
  10 vampire mosquitoes
  The ghost of OdinelGallardo the Magician, an amateur DECj (D:4)
  9 orc warriors
  A black bear (D:6)
  A sky beast (D:8)
  An ogre (D:4)
  3 ice beasts (D:5)
  A necrophage (D:5)
  4 wolves (Lair:1)
  12 centaurs
  A lemure (D:9)
  2 kobold brigands
  2 phantoms
  3 elf zombies (Ossuary)
  2 bullfrogs
  3 gnoll sergeants
  5 scorpions
  A water moccasin skeleton (D:5)
  3 killer bees (D:9)
  9 wights
  3 electric eels (D:11)
  6 howler monkeys
  7 centaur zombies
  2 bullfrog zombies (D:6)
  11 orc priests
  4 hounds
  A bullfrog skeleton (D:6)
  A centaur skeleton (D:6)
  2 iguanas
  Terence (D:2)
  13 orc wizards
  A killer bee zombie (D:7)
  A hound zombie (Ossuary)
  4 mummies (Ossuary)
  12 gnolls
  8 adders
  A howler monkey skeleton (D:6)
  2 shadow imps
  A white imp (D:5)
  An adder skeleton (D:4)
  2 adder zombies (Ossuary)
  2 worms (D:3)
  49 orcs
  6 ball pythons
  5 bats
  11 endoplasms
  3 giant cockroaches
  7 goblins
  9 hobgoblins
  2 jackals (D:1)
  15 kobolds
  5 quokkas
  A gnoll zombie (Ossuary)
  A hobgoblin zombie (Ossuary)
  2 jackal zombies (Ossuary)
  A kobold zombie (Ossuary)
  An orc zombie (Ossuary)
  2 rats (D:1)
332 creatures vanquished.

Vanquished Creatures (others)
  An orc (D:9)
  5 fungi (D:8)
  5 plants (D:8)
11 creatures vanquished.

Grand Total: 343 creatures vanquished

Notes
Turn   | Place    | Note
-------+----------+-------------------------------------------
     0 | D:1      | loralnil the Draconian Earth Elementalist began the quest
                  | for the Orb.
     0 | D:1      | Reached XP level 1. HP: 14/14 MP: 3/3
   193 | D:1      | Reached XP level 2. HP: 16/20 MP: 5/5
  1100 | D:1      | Reached XP level 3. HP: 22/26 MP: 6/6
  1376 | D:1      | Found a faded altar of an unknown god.
  2107 | D:2      | Learned a level 2 spell: Passwall
  2111 | D:2      | Learned a level 3 spell: Stone Arrow
  2392 | D:2      | Reached skill level 1 in Conjurations
  2392 | D:2      | Reached XP level 4. HP: 33/33 MP: 5/8
  2515 | D:2      | Noticed Terence
  2533 | D:2      | Killed Terence
  3147 | D:3      | Reached XP level 5. HP: 38/38 MP: 0/9
  3243 | D:3      | Found Aluclaoz's Book Shoppe.
  3411 | D:3      | Found a radiant altar of Vehumet.
  3411 | D:3      | Noticed a frost-covered statue
  3543 | D:3      | Found an iron altar of Okawaru.
  3920 | D:4      | Found a runed translucent door.
  3941 | D:4      | Noticed an ogre
  3944 | D:4      | Killed an ogre
  4228 | D:4      | Noticed OdinelGallardo's ghost (amateur DECj)
  4259 | D:4      | Reached XP level 6. HP: 33/45 MP: 11/11
  4261 | D:4      | Killed OdinelGallardo's ghost
  4389 | D:4      | Found a sacrificial altar of Ru.
  4499 | D:4      | Your scales start taking on a fiery red colour.
  4499 | D:4      | Reached XP level 7. HP: 50/50 MP: 9/13
  4499 | D:4      | Gained mutation: Your flesh is heat resistant. (rF+) [Red
                  | Draconian growth]
  4660 | D:4      | Reached skill level 5 in Earth Magic
  4722 | D:5      | Entered Level 5 of the Dungeon
  4841 | D:5      | Found Zauqolij's Armour Emporium.
  4924 | D:5      | Bought a +0 hat of willpower for 132 gold pieces
  5011 | D:5      | Found a shadowy altar of Dithmenos.
  5115 | D:5      | Reached skill level 5 in Conjurations
  5375 | D:5      | Reached skill level 5 in Spellcasting
  5375 | D:5      | Reached XP level 8. HP: 57/57 MP: 1/15
  6793 | D:6      | Found a white marble altar of Elyvilon.
  6904 | D:6      | Found a staircase to the Ecumenical Temple.
  6913 | Temple   | Entered the Ecumenical Temple
  6929 | Temple   | Became a worshipper of Sif Muna the Loreminder
  6963 | D:6      | Reached XP level 9. HP: 62/62 MP: 11/18
  7455 | D:6      | Found a glowing golden altar of the Shining One.
  7461 | D:6      | Reached skill level 1 in Fighting
  7796 | D:7      | Found a sand-covered staircase.
  7817 | Ossuary  | Entered an ossuary
  8361 | D:7      | Found a hide-covered altar of Uskayaw.
  8420 | D:7      | Reached * piety under Sif Muna
  8465 | D:7      | Learned a level 4 spell: Petrify
  8469 | D:7      | Learned a level 3 spell: Mephitic Cloud
  8770 | D:7      | Reached skill level 5 in Fighting
  8963 | D:7      | Found a glowing silver altar of Zin.
  8966 | D:7      | Found a hazy altar of Hepliaklqana.
  8968 | D:7      | Found a sparkling altar of Nemelex Xobeh.
  9398 | D:7      | Reached skill level 5 in Dodging
  9624 | D:8      | Reached ** piety under Sif Muna
  9776 | D:8      | Reached XP level 10. HP: 76/83 MP: 19/19
 10090 | D:8      | Found a staircase to the Lair.
 10741 | D:9      | Noticed Pikel
 10872 | D:9      | Killed Pikel
 11305 | D:9      | Reached skill level 1 in Air Magic
 11305 | D:9      | Reached skill level 1 in Poison Magic
 11480 | D:9      | Noticed a two-headed ogre
 11487 | D:9      | Killed a two-headed ogre
 12235 | D:9      | Found a broken altar of Ashenzari.
 12500 | D:10     | Entered Level 10 of the Dungeon
 12763 | D:10     | Reached *** piety under Sif Muna
 12764 | D:10     | Reached XP level 11. HP: 81/89 MP: 20/20
 12794 | D:10     | Reached skill level 5 in Air Magic
 12794 | D:10     | Reached skill level 5 in Poison Magic
 13023 | D:10     | Noticed a two-headed ogre
 13024 | D:10     | Found a staircase to the Orcish Mines.
 13031 | D:10     | Killed a two-headed ogre
 13190 | D:10     | Found a shimmering altar of Xom.
 13790 | D:11     | Noticed a boulder beetle
 13807 | D:10     | Killed a boulder beetle
 14020 | D:11     | Reached **** piety under Sif Muna
 14195 | D:11     | Learned a level 5 spell: Freezing Cloud
 14210 | D:11     | Noticed a two-headed ogre
 14214 | D:11     | Killed a two-headed ogre
 14376 | D:11     | Noticed a two-headed ogre
 14379 | D:11     | Killed a two-headed ogre
 15113 | D:12     | Found Apruix's Magic Scroll Boutique.
 15500 | D:12     | Noticed a five-headed hydra
 15571 | D:12     | Noticed Psyche
 15577 | D:12     | Killed Psyche
 15578 | D:12     | Reached XP level 12. HP: 93/96 MP: 10/23
 15678 | D:12     | Noticed a seven-headed hydra
 15687 | D:12     | Killed a seven-headed hydra
 15802 | D:12     | Noticed Maurice
 15820 | D:12     | Killed Maurice
 16520 | D:12     | Reached skill level 10 in Earth Magic
 16880 | D:12     | Noticed a two-headed ogre
 16883 | D:12     | Killed a two-headed ogre
 17165 | D:12     | Noticed a death knight
 17306 | Lair:1   | Entered Level 1 of the Lair of Beasts
 17599 | Lair:1   | Found a dark tunnel.
 17608 | Volcano  | Entered a volcano
 17627 | Volcano  | Noticed a red draconian
 17631 | Volcano  | Reached skill level 10 in Conjurations
 17650 | Volcano  | HP: 4/96 [red draconian (8)]
 17650 | Volcano  | Mangled by a red draconian

Illustrated notes

Levels and vault maps discovered:
D:1:      onia_arrival_handbag, layout_loops_corners,
          shapermc_ecumenical_altar_hornbeckon
D:2:      layout_basic, uniq_terence
D:3:      layout_loops_ring, vehumet_statue, marbit_many_paths, serial_shops,
          nicolae_shop_waterfront
D:4:      layout_cave_pools, mainiacjoe_overflow_tiny_flanked,
          ebering_ghost_sewer_d, hangedman_decor_clover_reticule,
          minmay_a_box_with_orc_wizards_in_it
D:5:      layout_basic, mainiacjoe_overflow_concentric_impassable, serial_shops,
          nicolae_square_shop
D:6:      layout_cave_pools, elyvilon_altar_3, nicolae_overflow_hidden_temple,
          temple_hall, serial_rivers, chequers_serial_rivers_micro_b,
          chequers_serial_rivers_micro_d, chequers_serial_rivers_micro_d,
          chequers_serial_rivers_micro_b, chequers_serial_rivers_micro_d,
          chequers_serial_rivers_micro_a, st_stairs_12,
          kennysheep_opposing_triangles
D:7:      layout_loops_corners, grunt_temple_overflow_open,
          mainiacjoe_overflow_alcove_4, nicolae_ossuary_entry_false_entrances
D:8:      layout_rooms, dpeg_oklobed_lair, hangedman_abyss_or_decor_stabs
D:9:      minmay_thinvault, layout_loops_ring, ashenzari_conservatory_becter,
          uniq_pikel
D:10:     layout_basic, xom_teletrap_fun, david_orc_5
D:11:     layout_basic
D:12:     minmay_spiral_squares, layout_irregular_city, serial_shops,
          nicolae_take_the_stairs, nicolae_trove_entry_isolated, uniq_psyche,
          uniq_maurice
Temple:   corrupted_temple
Lair:1:   layout_roguey, enter_volcano_1, minmay_holes, minivault_23,
          grunt_megastairs_4, serial_bayou_shore_b
Volcano:  volcano_pools

Skill      XL: |  1  2  3  4  5  6  7  8  9 10 11 12 |
---------------+-------------------------------------+-----
Stealth        | 2 |  2.0
Dodging        | 2 5 8 |  8.0
Conjurations   | 1 2 3 4 5 7 8 10 | 10.0
Spellcasting   | 3 4 5 6 7 8 |  8.9
Earth Magic    | 4 5 7 8 9 10 | 10.6
Fighting       | 5 6 |  6.0
Air Magic      | 4 6 |  6.0
Poison Magic   | 4 5 |  5.0
Transmutations | |  1.2

Action                   |  1- 3 |  4- 6 |  7- 9 | 10-12 || total
-------------------------+-------+-------+-------+-------++-------
Melee: Dagger            |   137 |   158 |   143 |       ||   438
       Tailslap          |    14 |     9 |    12 |    38 ||    73
       Great sword       |       |       |    24 |   217 ||   241
 Cast: Sandblast         |    24 |    25 |    47 |    23 ||   119
       Stone Arrow       |       |    10 |   120 |   221 ||   351
       Freezing Cloud    |       |       |       |     2 ||     2
 Abil: Breathe Fire      |       |       |       |     1 ||     1
  Use: Scroll            |     1 |     3 |     8 |     9 ||    21
       Potion            |       |       |       |     5 ||     5
 Stab: Sleeping          |     2 |     4 |     2 |       ||     8
Armor: Skin              |    42 |    37 |    88 |   138 ||   305
Dodge: Dodged            |    91 |    95 |   183 |   355 ||   724
Block: Other             |       |       |       |    33 ||    33
       Rpst.: Great sword |       |       |    10 |   106 ||   116
